 Dungeon Crawl Stone Soup version 0.30-a0-367-g839099abd5 (webtiles) character file.

Game seed: 8834351746984710314

193 Aramant the Poker (level 5, -4/41 HPs)
             Began as a Merfolk Gladiator on Nov 18, 2022.
             Was an Initiate of Fedhas.
             Slain by a vampire (10 damage)
             ... on level 9 of the Dungeon.
             The game lasted 00:12:41 (1447 turns).

Aramant the Poker (Merfolk Gladiator)               Turns: 1447, Time: 00:12:42

Health: -4/41      AC:  9    Str: 22    XL:     5   Next: 72%
Magic:  5/5        EV: 16    Int:  7    God:    Fedhas [......]
Gold:   51         SH:  0    Dex: 15    Spells: 4/4 levels left

rFire   + + .      SeeInvis .    a - +0 trident
rCold   + . .      Faith    .    (no shield)
rNeg    . . .      Spirit   .    d - +0 scale mail
rPois   +          Reflect  .    r - +1 helmet "Raiso Vemav" {rPois Will- Str+5}
rElec   +          Harm     .    (no cloak)
rCorr   +          Rampage  .    p - +0 pair of gloves
Will    .....                    (no boots)
Stlth   ..........               (no amulet)
HPRegen 0.26/turn                i - ring of protection from fire
MPRegen 0.09/turn                c - +4 ring of evasion

@: resistant
A: (nimble swimmer 2), mertail
a: Renounce Religion


You were on level 9 of the Dungeon.
You worshipped Fedhas.
Fedhas was noncommittal.
You visited 1 branch of the dungeon, and saw 9 of its levels.

You collected 159 gold pieces.
You spent 108 gold pieces at shops.

Inventory:

Hand Weapons
 a - a +0 trident (weapon)
Missiles
 b - 2 throwing nets (quivered)
 t - a javelin
Armour
 d - a +0 scale mail (worn)
 p - a +0 pair of gloves (worn)
 r - the +1 helmet "Raiso Vemav" (worn) {rPois Will- Str+5}
   (You found it on level 6 of the Dungeon)

   Str:       It affects your strength (+5).
   rPois:     It protects you from poison.
   Will:      It decreases your willpower.
Magical Staves
 m - a staff of conjuration
Jewellery
 c - a +4 ring of evasion (right hand)
 i - a ring of protection from fire (left hand)
 n - a ring of protection from cold
Scrolls
 f - 3 scrolls of identify
 h - a scroll of immolation {unknown}
 k - a scroll of blinking {unknown}
 q - 2 scrolls of enchant armour {unknown}
 s - a scroll of noise {unknown}
 u - 3 scrolls of silence {unknown}
Potions
 g - 3 potions of resistance
 j - a potion of haste {unknown}
 l - a potion of flight {unknown}
 o - a potion of lignification {unknown}
 v - a potion of curing {unknown}


   Skills:
 + Level 3.0 Fighting
 + Level 6.5 Polearms
 + Level 2.1 Throwing
 + Level 1.1 Armour
 + Level 5.0 Dodging
 + Level 0.5 Stealth


You had 4 spell levels left.
You didn't know any spells.
Your spell library contained the following spells:

 Spells                   Type           Power      Damage    Failure   Level
 Summon Guardian Golem    Hex/Summ       0%         N/A       98%         3
 Orb of Destruction       Conj           0%         9d5       100%        7
 Spellforged Servitor     Conj/Summ      0%         N/A       100%        7


Dungeon Overview and Level Annotations

Branches:
Dungeon (9/15)
 Temple: D:4-7         Lair: D:8-11         Orc: D:9-12

Altars:
Fedhas

Shops:
D:5 [?


Innate Abilities, Weirdness & Mutations

((You are very nimble when in or above water. (Stealth+, EV+, Speed+++)))
Your lower body shifts to a powerful aquatic tail in water.


Message History

You feel forgetful for a moment.
As you read the scroll labelled RURARU KERUMY, it crumbles to dust.
It is a scroll of identify.
g - 4 potions of resistance You puncture the vampire!
The vampire is heavily damaged.
The vampire hits you! The vampire bites you!
The vampire draws strength from your injuries!
Okay, then.
You feel protected. The vampire hits you! The vampire barely misses you.
You completely miss the vampire.
The vampire is moderately damaged.
The vampire casts a spell at you.
You struggle to resist.
You hit the vampire but do no damage.
The vampire is moderately damaged.
The vampire hits you!
* * * LOW HITPOINT WARNING * * *
The vampire barely misses you.
The vampire gestures at you while chanting.
You are confused.
The vampire misses you. The vampire closely misses you. The vampire hits you.
* * * LOW HITPOINT WARNING * * *
The vampire misses you. The vampire attacks as you move away!
The vampire hits you but does no damage.
The vampire barely misses you.
Found a stone staircase leading up.
The vampire hits you but does no damage.
The vampire barely misses you.
You feel less confused.
The vampire casts a spell.
The vampire flickers and vanishes!
Deactivating autopickup; reactivate with Ctrl-A.
Something hits you.
* * * LOW HITPOINT WARNING * * *
Something bites you!
You die...
Fedhas appreciates your contribution to the ecosystem.

.##......##......<......
..#..#...###.P...#.##.##
.............._.......#
#...##.......P.P...##.#
#...#..................
#..........#...#......
#.#........#...#.##.# ..
##..{....#...... ... #
#.@.....#......# #.
#......##.##......
#......##...
#.......#....
#........<....
#.##...... ... ..
....#... .# .........


There were no monsters in sight!

Vanquished Creatures
  2 bullfrogs (D:7)
  An adder (D:6)
  A white imp (D:6)
  2 worms (D:3)
  2 dart slugs (D:5)
  4 orcs
  3 bats
  2 giant cockroaches
  A hobgoblin (D:2)
  2 jackals (D:3)
  A quokka (D:1)
  3 ball pythons (D:1)
  2 frilled lizards
  3 goblins
  3 kobolds
  2 rats (D:2)
34 creatures vanquished.

Vanquished Creatures (others)
  A plant (D:9)
1 creature vanquished.

Grand Total: 35 creatures vanquished

Notes
Turn   | Place    | Note
-------+----------+-------------------------------------------
     0 | D:1      | Aramant the Merfolk Gladiator began the quest for the Orb.
     0 | D:1      | Reached XP level 1. HP: 16/16 MP: 1/1
   201 | D:1      | Reached XP level 2. HP: 22/22 MP: 2/2
   745 | D:3      | Reached XP level 3. HP: 12/28 MP: 3/3
   850 | D:5      | Entered Level 5 of the Dungeon
   871 | D:5      | Reached skill level 5 in Polearms
   910 | D:5      | Found Cieteank's Antique Armour Boutique.
   912 | D:5      | Found Koyte's Magic Scroll Emporium.
   924 | D:5      | Bought a pair of gloves for 108 gold pieces
  1027 | D:6      | Identified the +1 helmet "Raiso Vemav" {rPois Will- Str+5}
  1084 | D:6      | Reached XP level 4. HP: 34/34 MP: 4/4
  1088 | D:7      | Noticed a bullfrog
  1100 | D:7      | Killed a bullfrog
  1101 | D:7      | Reached skill level 6 in Polearms
  1101 | D:7      | Reached XP level 5. HP: 27/40 MP: 5/5
  1258 | D:7      | Reached skill level 1 in Armour
  1258 | D:7      | Reached skill level 5 in Dodging
  1417 | D:9      | Found a blossoming altar of Fedhas.
  1421 | D:9      | Noticed a vampire
  1423 | D:9      | Became a worshipper of Fedhas Madash
  1447 | D:9      | Slain by a vampire

Illustrated notes

Levels and vault maps discovered:
D:1:      matt_arrival_refuge, layout_basic, serial_co_window_serial,
          co_window_corner_a, co_window_paths_a, co_window_paths_b,
          co_window_paths_b, co_window_paths_a, co_window_cross_3,
          co_window_of_opportunity_b, co_window_broadway_b, co_window_corner_ca,
          co_window_4corner_b, glass_columns_c, glass_columns_a,
          glass_columns_b, glass_columns_a, serial_shops, shop_coins,
          chequers_decorated_corner
D:2:      layout_basic
D:3:      lemuel_castle_with_subvaults [lemuel_castle_interior_carwin_1],
          layout_basic, dk_yredelemnul_ordeal, nicolae_wormholes
D:4:      minmay_skewed_foursquare, layout_rooms, minmay_starry_boxes
D:5:      layout_cave_pools, minmay_temple_entry_wispy, ebering_ghost_sewer_d,
          grunt_ministairs_1, nicolae_wooded_promenade, uniq_edmund
D:6:      layout_basic, minmay_manual_mail, uniq_duvessa
D:7:      layout_loops_ring, sigmund_army
D:8:      layout_loops_ring
D:9:      layout_basic, fedhas_altar_1, gammafunk_temple_overflow_elements,
          minmay_orc_entry_guard_dogs, introduction_to_nature_2

Skill      XL: |  1  2  3  4  5 |
---------------+----------------+-----
Polearms       | 5 6 |  6.5
Fighting       | 3 |  3.0
Armour         | 1 |  1.1
Dodging        | 5 |  5.0
Throwing       | |  2.1
Stealth        | |  0.5

Action                   |  1- 3 |  4- 6 || total
-------------------------+-------+-------++-------
Melee: Trident           |    95 |    26 ||   121
       Punch             |     1 |       ||     1
Throw: Throwing net      |     3 |       ||     3
       Javelin           |       |     1 ||     1
  Use: Scroll            |       |     2 ||     2
       Potion            |       |     1 ||     1
 Stab: Held in net/web   |     1 |       ||     1
Armor: Leather armour    |    20 |       ||    20
       Scale mail        |     3 |     7 ||    10
Dodge: Dodged            |    88 |    28 ||   116

Table legend: (Time is in decaauts)
 A = Elapsed time spent in this place.
 B = Non-inter-level travel time spent in this place.
 C = Inter-level travel time spent in this place.
 D = Time resting spent in this place.
 E = Time spent auto-exploring this place.
 F = Levels seen in this place.
 G = Mean time per level.
                   A        B        C        D        E       F      G
               +--------+--------+--------+--------+--------+-----+--------+
         Total |   1447 |   1414 |     33 |    292 |    575 |   9 |  160.8 |
       Dungeon |   1447 |   1414 |     33 |    292 |    575 |   9 |  160.8 |
               +--------+--------+--------+--------+--------+-----+--------+

Top non-repeatable levels by time:
     D:1: 464 daAuts
     D:7: 277 daAuts
     D:2: 271 daAuts
     D:5: 173 daAuts
     D:4: 68 daAuts
     D:6: 60 daAuts
     D:8: 51 daAuts
     D:3: 50 daAuts
     D:9: 29 daAuts
